 Dungeon Crawl Stone Soup version 0.29-a0-341-g24ffce5b50 (webtiles) character file.

Game seed: 359222827662316635

965 spaghetti the Covered (level 7, 26/61 HPs)
             Began as a Deep Dwarf Berserker on Apr 20, 2022.
             Was a Follower of Trog.
             Quit the game on level 4 of the Dungeon.
             The game lasted 00:09:24 (3490 turns).

spaghetti the Covered (Deep Dwarf Berserker)        Turns: 3490, Time: 00:09:25

Health: 26/61      AC:  7    Str: 20    XL:     7   Next: 93%
Magic:  6/6        EV: 12    Int:  8    God:    Trog [*.....]
Gold:   84         SH:  0    Dex:  9    Spells: 6/6 levels left

rFire   . . .      SeeInvis .   a - +1 hand axe {axe}
rCold   . . .      Faith    .   (no shield)
rNeg    + + .      Spirit   .   b - +1 animal skin
rPois   .          Reflect  .   (no helmet)
rElec   .          Harm     .   (no cloak)
rCorr   .          Rampage  .   (no gloves)
Will    +....                   (no boots)
Stlth   +.........              (no amulet)
HPRegen 0.00/turn               s - ring of Peigakew {rN++ AC+4 Dex-5}
MPRegen 0.10/turn               (no ring)

@: no status effects
A: damage resistance, heal wounds, sense surroundings 1, no regeneration
a: Heal Wounds, Renounce Religion, Berserk


You were on level 4 of the Dungeon.
You worshipped Trog.
Trog was aware of your devotion.
You visited 1 branch of the dungeon, and saw 5 of its levels.

You collected 84 gold pieces.


Innate Abilities, Weirdness & Mutations

You are resistant to damage.
You can heal yourself by infusing magical energy.
You passively map a small area around you.
You do not regenerate.


   Skills:
 - Level 2.6 Fighting
 + Level 5.6 Short Blades
 - Level 3.9 Axes
 + Level 7.2 Armour
 - Level 2.1 Dodging


You had 6 spell levels left.
You didn't know any spells.
Your spell library contained the following spells:

 Spells                   Type           Power      Damage    Failure   Level
 Dispersal                Tloc           0%         N/A       100%        6
 Disjunction              Tloc           0%         N/A       100%        8

Inventory:

Hand Weapons
 a - a +1 hand axe (weapon) {axe}
Missiles
 f - 4 javelins {throwing}
 l - 97 stones (quivered) {throwing}
 n - 3 poisoned darts {throwing}
Armour
 b - a +1 animal skin (worn)
 g - a scarf of invisibility
   (You found it on level 1 of the Dungeon)
Jewellery
 s - the ring of Peigakew (left hand) {rN++ AC+4 Dex-5}
   (You found it on level 3 of the Dungeon)

   [ring of protection]

   AC:        It affects your AC (+4).
   Dex:       It affects your dexterity (-5).
   rN:        It greatly protects you from negative energy.
Wands
 h - a wand of polymorph (9)
   (You took it off Terence on level 2 of the Dungeon)
Scrolls
 c - a scroll of fear
 i - a scroll of teleportation {@r4}
 j - a scroll of magic mapping {!r}
 k - a scroll of immolation {!r!r}
 p - a scroll of amnesia {unknown}
 q - a scroll of identify {unknown}
 r - a scroll of holy word {unknown}
 t - a scroll of vulnerability {unknown}
Potions
 d - 2 potions of degeneration {!q@e2}
 e - a potion of brilliance

Dungeon Overview and Level Annotations

Branches:
Dungeon (5/15)
 Temple: D:4-7

Altars:
Fedhas
Gozag
Hepliaklqana
Makhleb
Uskayaw

Shops:
D:1 (   D:3 [

Annotations:
D:1 exclusions: door and 1 more exclusion
D:4 Dowan, Duvessa

#.≈≈.≈≈#
#.≈#+#≈##############
#..'_'...............
##≈#'#≈#############.
#§≈.≈§..........# #.
###.#.#########.###.
#.#.........#.....
#.########.#######
#@#<.....#.#
#.#......#.#
#.#.######.#
#.#.....†..#
#.########## #.. , ,,
### *


There were no monsters in sight!


Message History

There is an open door here.
Key pressed, stopping explore.
Key pressed, stopping explore.
You now have 84 gold pieces (gained 7).
Key pressed, stopping explore.
You open the door.
Found a burning altar of Makhleb.
There is an open door here.
You open the door.
There is an open door here.
You open the door.
There is an open door here.
The endoplasm quivers.
You pick up a book of the Warp {forbidden} and begin reading...
You add the spells Dispersal and Disjunction to your library.
A necrophage comes into view.
A necrophage is nearby!
A necrophage is nearby!
A necrophage is nearby!
You are too injured to fight recklessly!
You are too injured to fight recklessly!
You are too injured to fight recklessly!
You are too injured to fight recklessly!
You are too injured to fight recklessly!
The necrophage hits you.
* * * LOW HITPOINT WARNING * * *
You partially resist.
You feel drained. 😨 HP[-5]
You now have 60 max hp (-1).
You take 5 damage, and now have 20/60 hp.
You barely miss the necrophage. The necrophage hits you.
You hit the necrophage. The necrophage closely misses you.
You hit the necrophage. The necrophage closely misses you.
You hit the necrophage. The necrophage hits you.
* * * LOW HITPOINT WARNING * * *
You partially resist.
You feel drained. 😨 HP[-1]
You now have 59 max hp (-1).
A red film seems to cover your vision as you go berserk!
You feel yourself moving faster!
You feel mighty!
The necrophage closely misses you. 😨 HP[+9]
You now have 88 max hp (+29).
You regained 9 hp, and now have 28/88 hp.
You hit the necrophage. The necrophage hits you.
* * * LOW HITPOINT WARNING * * *
😨 HP[-4]
You take 4 damage, and now have 24/88 hp.
You hit the necrophage. The necrophage completely misses you.
You slash the necrophage!
You destroy the necrophage!
Trog accepts your kill.
Your life force feels restored.
You now have 91 max hp (+3).
You see here a necrophage corpse.
You start waiting.
You feel a strong urge to attack something.
You feel your anger nearly subside.
You are no longer berserk.
You are exhausted.
You feel yourself slow down.
You feel yourself speed up.
You recover from your berserk rage. 😨 HP[-8]
You now have 61 max hp (-30).
Unknown command.
Unknown command.
Found a stone staircase leading up.
You see here a necrophage corpse.
Key pressed, stopping explore.
Key pressed, stopping explore.
There is an open door here.
There is an open door here.
The endoplasm quivers.
An endoplasm is nearby!
You are too injured to fight recklessly!
The endoplasm barely misses you.
You barely miss the endoplasm. The endoplasm freezes you.
You are frozen.
* * * LOW HITPOINT WARNING * * *
😱 HP[-3]
You take 3 damage, and now have 13/61 hp.
You barely miss the endoplasm.
The endoplasm hits you but does no damage.
An endoplasm is nearby!
An endoplasm is nearby!
You hit the endoplasm. The endoplasm hits you.
You slash the endoplasm!
You kill the endoplasm!
Trog accepts your kill.
Okay, then.
Your magical essence is drained by the effort!
You feel much better. 😨 HP[+13] MP[-1]
You regained 13 hp, and now have 26/61 hp.
Unknown command.
Are you sure you want to abandon this character and quit the game? (Confirm with "yes".)

Skill      XL: |  1  2  3  4  5  6  7 |
---------------+----------------------+-----
Short Blades   | 1 2 3 5 |  5.6
Armour         | 3 4 6 7 |  7.2
Fighting       | |  2.6
Axes           | |  3.9
Dodging        | |  2.1

Action                   |  1- 3 |  4- 6 |  7- 9 || total
-------------------------+-------+-------+-------++-------
Melee: Hand axe          |    72 |   183 |    38 ||   293
       Punch             |     2 |       |       ||     2
       Unarmed           |       |     6 |       ||     6
Throw: Javelin           |     8 |       |       ||     8
       Stone             |       |    20 |     8 ||    28
Invok: Berserk           |     2 |     4 |     2 ||     8
       Trog's Hand       |     1 |     5 |     2 ||     8
 Abil: Heal Wounds       |       |       |     1 ||     1
  Use: Potion            |     4 |     3 |       ||     7
       Scroll            |     3 |       |     5 ||     8
 Stab: Distracted        |     2 |       |       ||     2
       Sleeping          |       |     1 |       ||     1
Armor: Animal skin       |    13 |    59 |    33 ||   105
       Skin              |    18 |     1 |       ||    19
Dodge: Dodged            |    43 |   130 |    59 ||   232

Levels and vault maps discovered:
D:1:      minmay_arrival_open_corners, layout_loops_corners, serial_shops, shop
D:2:      layout_rooms, basic_altar, uniq_jessica, uniq_terence, uniq_robin
D:3:      layout_basic, dreamdust_ecumenical_altar_grove, serial_shops, shop
D:4:      layout_basic, minitemple, kennysheep_mini_moat, uniq_pikel,
          uniq_duvessa
D:5:      layout_basic, mainiacjoe_overflow_swirl, uniq_prince_ribbit1,
          uniq_crazy_yiuf_cottage

Notes
Turn   | Place    | Note
-------+----------+-------------------------------------------
     0 | D:1      | spaghetti the Deep Dwarf Berserker began the quest for the
                  | Orb.
     0 | D:1      | Reached XP level 1. HP: 20/20 MP: 1/1
     0 | D:1      | magus.rc [v1.9.6]
   323 | D:1      | Found Adwomyd's Weapon Shop.
   364 | D:1      | Reached XP level 2. HP: 20/27 MP: 2/2
   870 | D:2      | Reached skill level 1 in Short Blades
   915 | D:2      | Noticed Robin
   943 | D:2      | Reached XP level 3. HP: 33/33 MP: 3/3
   951 | D:2      | Reached ** piety under Trog
   963 | D:2      | Killed Robin
   964 | D:2      | Reached skill level 3 in Armour
  1068 | D:2      | Noticed Jessica
  1075 | D:2      | Killed Jessica
  1076 | D:2      | Reached skill level 2 in Short Blades
  1076 | D:2      | Reached XP level 4. HP: 40/40 MP: 4/4
  1094 | D:2      | Noticed Terence
  1108 | D:2      | Killed Terence
  1472 | D:2      | Found a hazy altar of Hepliaklqana.
  1586 | D:3      | Reached skill level 4 in Armour
  1591 | D:3      | Reached XP level 5. HP: 36/46 MP: 5/5
  1652 | D:3      | Reached skill level 3 in Short Blades
  2059 | D:3      | Found a faded altar of an unknown god.
  2080 | D:3      | Identified the ring of Peigakew {rN++ AC+4 Dex-5}
  2108 | D:3      | Found Podad's Antique Armour Shop.
  2454 | D:4      | Noticed Pikel
  2454 | D:4      | Noticed a lemure
  2454 | D:4      | Noticed a lemure
  2527 | D:4      | Reached XP level 6. HP: 39/55 MP: 6/6
  2530 | D:4      | Reached skill level 5 in Armour
  2942 | D:4      | Found a hide-covered altar of Uskayaw.
  2945 | D:4      | Found an opulent altar of Gozag.
  2948 | D:4      | Found a blossoming altar of Fedhas.
  3007 | D:4      | Killed Pikel
  3008 | D:4      | Reached skill level 5 in Short Blades
  3008 | D:4      | Reached skill level 6 in Armour
  3008 | D:4      | Reached XP level 7. HP: 35/61 MP: 7/7
  3009 | D:4      | Noticed Duvessa
  3009 | D:4      | Noticed Dowan
  3024 | D:5      | Entered Level 5 of the Dungeon
  3189 | D:5      | Reached skill level 7 in Armour
  3262 | D:4      | Found a burning altar of Makhleb.
  3310 | D:4      | You pick up a book of the Warp {forbidden} and begin
                  | reading...
  3310 | D:4      | You add the spells Dispersal and Disjunction to your
                  | library.
  3485 | D:4      | HP: 13/61 [frozen (3)]
  3490 | D:4      | Quit the game

Vanquished Creatures
  Pikel (D:4)
  A centaur (D:5)
  A lemure (D:4)
  A necrophage (D:4)
  A scorpion (D:3)
  A killer bee (D:4)
  An orc priest (D:4)
  A hound (D:4)
  Jessica (D:2)
  Terence (D:2)
  2 iguanas
  Robin (D:2)
  6 adders
  A worm (D:3)
  2 orcs (D:4)
  8 endoplasms
  3 giant cockroaches
  8 goblins
  7 hobgoblins
  4 jackals (D:3)
  5 kobolds
  A quokka (D:1)
  4 ball pythons
  5 bats
  4 frilled lizards
71 creatures vanquished.

Vanquished Creatures (collateral kills)
  5 goblins (D:2)
5 creatures vanquished.

Vanquished Creatures (others)
  A fungus (D:3)
  A plant (D:3)
2 creatures vanquished.

Grand Total: 78 creatures vanquished

Table legend:
 A = Non-vault XP
 B = Vault XP
 C = Vault XP percentage of total XP
 D = Non-vault monster count
 E = Vault monster count
 F = Vault count percentage of total count
                 A         B        C        D         E       F
            +---------+---------+-------+---------+---------+-------
      Total |     655 |     724 |  52.5 |      61 |      14 |  18.7
            +---------+---------+-------+---------+---------+-------
        D:1 |      27 |       0 |   0.0 |      17 |       0 |   0.0
        D:2 |      42 |     107 |  71.8 |      10 |      13 |  56.5
        D:3 |     147 |       0 |   0.0 |      18 |       0 |   0.0
        D:4 |     277 |     617 |  69.0 |      13 |       1 |   7.1
        D:5 |     162 |       0 |   0.0 |       3 |       0 |   0.0
            +---------+---------+-------+---------+---------+-------

Illustrated notes

Table legend:
 A = Kills in this place as a percentage of kills in entire the game.
 B = Kills by you in this place as a percentage of kills by you in the entire game.
 C = Kills by friends in this place as a percentage of kills by friends in the entire game.
 D = Other kills in this place as a percentage of other kills in the entire game.
 E = Experience gained in this place as a percentage of experience gained in the entire game.
 F = Experience gained in this place divided by the number of levels of this place that you have seen.
                   A       B       C       D       E      F
               +-------+-------+-------+-------+-------+----------------------
         Total | 100.0 | 100.0 | 100.0 |   N/A | 100.0 | 275.8
       Dungeon | 100.0 | 100.0 | 100.0 |   N/A | 100.0 | 275.8
               +-------+-------+-------+-------+-------+----------------------

Table legend: (Time is in decaauts)
 A = Elapsed time spent in this place.
 B = Non-inter-level travel time spent in this place.
 C = Inter-level travel time spent in this place.
 D = Time resting spent in this place.
 E = Time spent auto-exploring this place.
 F = Levels seen in this place.
 G = Mean time per level.
                   A        B        C        D        E       F      G
               +--------+--------+--------+--------+--------+-----+--------+
         Total |   3591 |   3474 |    117 |    697 |   2064 |   5 |  718.2 |
       Dungeon |   3591 |   3474 |    117 |    697 |   2064 |   5 |  718.2 |
               +--------+--------+--------+--------+--------+-----+--------+

Top non-repeatable levels by time:
     D:3: 968 daAuts
     D:1: 864 daAuts
     D:4: 829 daAuts
     D:2: 700 daAuts
     D:5: 228 daAuts
